 Dungeon Crawl Stone Soup version 0.31-a0-846-gb3bcc0d938 (webtiles) character file.

Game seed: 13655834518629360367

1115 lonewolfV2 the Chopper (level 8, -5/62 HPs)
             Began as a Formicid Fighter on Oct 3, 2023.
             Slain by an orc
             ... wielding a +0 trident
              (8 damage)
             ... on level 6 of the Dungeon.
             The game lasted 00:06:45 (5002 turns).

lonewolfV2 the Chopper (Formicid Fighter)           Turns: 5002, Time: 00:06:46

Health: -5/62      AC:  7    Str: 28    XL:     8   Next: 60%
Magic:  8/8        EV: 16    Int:  9    God:
Gold:   305        SH:  6    Dex: 13    Spells: 7/7 levels left

rFire   . . .        a - +0 war axe
rCold   . . .        c - +1 buckler
rNeg    . . .        b - +0 scale mail
rPois   .            (helmet unavailable)
rElec   .            (no cloak)
rCorr   .            (no gloves)
SInv    +            (no boots)
Will    .....        l - amulet of the acrobat Stlth
                     e - +6 ring of strength
HPRegen 0.30/turn    k - +5 ring of evasion
MPRegen 0.11/turn

%: acrobat
@: no status effects
A: permanent stasis, dig shafts and tunnels, antennae 3, four strong arms
a: Dig, Shaft Self


You were on level 6 of the Dungeon.
You visited 1 branch of the dungeon, and saw 6 of its levels.

You collected 305 gold pieces.

Inventory:

Hand Weapons
 a - a +0 war axe (weapon)
 h - the +2 dagger of the Warrior-Mage {speed, +Blink Will+ Dex-5}
   (You found it on level 2 of the Dungeon)

   Dex-5:     It affects your dexterity (-5).
   Will+:     It increases your willpower.
   +Blink:    It lets you blink.
Armour
 b - a +0 scale mail (worn)
 c - a +1 buckler (worn)
Jewellery
 e - a +6 ring of strength (left hand)
 j - an amulet of magic regeneration
 k - a +5 ring of evasion (right hand)
 l - an amulet of the acrobat (around neck)
 q - a ring of protection from fire
Wands
 p - a wand of quicksilver (4)
Scrolls
 d - 4 scrolls of identify
 f - a scroll of immolation
 g - a scroll of fear
 i - a scroll of enchant armour
 m - a scroll of butterflies
 n - a scroll of poison


   Skills:
 + Level 5.0 Fighting
 + Level 6.4 Axes
 + Level 6.0 Armour
 + Level 2.2 Dodging
 + Level 0.2 Stealth
 + Level 6.0 Shields
 + Level 0.5 Evocations


You had 7 spell levels left.
You didn't know any spells.
Your spell library contained the following spells:

 Spells                   Type           Power      Damage    Failure   Level
 Magic Dart               Conj           0%         1d3       67%         1
 Summon Small Mammal      Summ           0%         N/A       67%         1
 Searing Ray              Conj           0%         2d4       82%         2
 Call Canine Familiar     Summ           0%         N/A       96%         3
 Summon Guardian Golem    Hex/Summ       0%         N/A       96%         3
 Fulminant Prism          Conj/Hex       0%         3d5       100%        4


Dungeon Overview and Level Annotations

Branches:
Dungeon (6/15)
 Temple: D:4-7

Altars:
Uskayaw

Shops:
D:3 ?   D:4 *

Annotations:
D:6 Bravepunisher's ghost, weakling SpMo


Innate Abilities, Weirdness & Mutations

You cannot be hasted, slowed, berserked, paralysed or teleported.
You can dig through walls and to a lower floor.
You have a pair of large antennae on your head. (SInv)
Your four strong arms can wield two-handed weapons with a shield.


Message History

You closely miss the orc. You hit the orc. You block the orc's attack.
The orc closely misses you. The orc misses you.
The orc warrior hits you with a +0 trident.
You slash the orc warrior!
The orc warrior is heavily wounded.
You slash the orc!
You kill the orc!
You hit the orc.
You kill the orc!
You block the orc's attack.
The orc warrior hits you with a +0 trident!
You hit the orc warrior but do no damage.
The orc warrior is heavily wounded.
The orc barely misses you.
The orc warrior hits you with a +0 trident.
You hit the orc warrior but do no damage.
The orc warrior is heavily wounded.
The orc hits you but does no damage.
The orc warrior hits you with a +0 trident!
* * * LOW HITPOINT WARNING * * *
You hit the orc warrior but do no damage.
The orc warrior is heavily wounded.
The orc barely misses you. You block the orc warrior's attack.
You block the orc's attack.
You hit the orc warrior but do no damage.
The orc warrior is heavily wounded.
You block the orc warrior's attack. The orc misses you.
The orc warrior hits you with a +0 trident.
* * * LOW HITPOINT WARNING * * *
Aiming: Quicksilver Bolt
Press: ? - help, Q - select action, (/) - cycle Shift-Dir - straight line, f - orc warrior
Aim: an orc warrior, wielding a +0 trident and wearing the +12 plate armour of Tiuloch {rF+ rC+ Int+3} (heavily wounded, 71% to hit)
Your target is gone.
The bolt of dispelling energy hits the orc warrior.
The orc warrior is heavily wounded.
The orc closely misses you. The orc warrior barely misses you.
You hit the orc warrior but do no damage.
The orc warrior is heavily wounded.
The orc hits you from afar with a +0 trident!
You die...

#.## #.8##### #
####..#.... 8#
#.....#!.##..
##.#...#..#8
###......#W.# .#
##........#o#,...#
#######........)))#...[#
...<............@.#.8._#
#######...###..)o.#...[#
##.## #...#.#,..)# #.#
#...#..# ..# #.#
#...#..#8 .# #.#
....#..##..# { #.#
#.#..#.... 8 #.#
#.#.8##### ..####


You could see an orc warrior, Bravepunisher's ghost and an orc.

Vanquished Creatures
  Eustachio (D:4)
  2 black bears
  2 ogres (D:5)
  3 scorpions
  2 hounds (D:5)
  2 orc priests
  A gnoll bouda (D:5)
  An orc wizard (D:5)
  10 gnolls
  Robin (D:4)
  5 adders
  An ufetubus (D:6)
  A worm (D:3)
  3 dart slugs
  14 orcs
  13 ball pythons
  9 endoplasms
  2 giant cockroaches (D:1)
  12 goblins
  6 hobgoblins
  4 jackals (D:3)
  4 kobolds
  6 quokkas
  5 bats
  2 frilled lizards
  3 rats
115 creatures vanquished.

Notes
Turn   | Place    | Note
-------+----------+-------------------------------------------
     0 | D:1      | lonewolfV2 the Formicid Fighter began the quest for the
                  | Orb.
     0 | D:1      | Reached XP level 1. HP: 18/18 MP: 1/1
   193 | D:1      | Found a faded altar of an unknown god.
   204 | D:1      | Reached XP level 2. HP: 16/24 MP: 2/2
   556 | D:1      | Reached XP level 3. HP: 30/30 MP: 3/3
  1325 | D:2      | Identified the +2 dagger of the Warrior-Mage {speed, +Blink
                  | Will+ Dex-5}
  1757 | D:3      | Reached XP level 4. HP: 30/37 MP: 4/4
  2067 | D:3      | Found Gajomis's Magic Scroll Shoppe.
  2118 | D:3      | Reached XP level 5. HP: 42/42 MP: 5/5
  2693 | D:3      | Found a hide-covered altar of Uskayaw.
  2752 | D:4      | Noticed Robin
  2759 | D:4      | Killed Robin
  2776 | D:4      | Reached XP level 6. HP: 47/48 MP: 6/6
  2785 | D:4      | Reached skill level 5 in Shields
  2944 | D:4      | Found Ulamy's General Store.
  3116 | D:4      | Reached skill level 1 in Dodging
  3306 | D:4      | Noticed Eustachio
  3323 | D:4      | Killed Eustachio
  3324 | D:4      | Reached skill level 5 in Axes
  3324 | D:4      | Reached XP level 7. HP: 15/55 MP: 7/7
  3751 | D:5      | Entered Level 5 of the Dungeon
  4228 | D:5      | Reached skill level 5 in Armour
  4280 | D:5      | Reached XP level 8. HP: 25/61 MP: 8/8
  4310 | D:5      | HP: 2/61 [ogre/+0 giant spiked club (33)]
  4973 | D:6      | Found a runed translucent gate.
  4973 | D:6      | Found a runed translucent gate.
  4973 | D:6      | Found a runed translucent gate.
  4978 | D:6      | Noticed Bravepunisher's ghost (weakling SpMo)
  4978 | D:6      | Identified the +12 plate armour of Tiuloch {rF+ rC+ Int+3}
  4991 | D:6      | Reached skill level 5 in Fighting
  5000 | D:6      | HP: 2/62 [orc warrior/+0 trident (4)]
  5002 | D:6      | Slain by an orc

Illustrated notes

Levels and vault maps discovered:
D:1:      onia_arrival_mini_maze, layout_rooms, serial_glass, glass_columns_b,
          glass_columns_b, hellmonk_ecumenical_altar_zigzags, serial_park_tiny_2
D:2:      layout_loops_ring
D:3:      layout_loops_ring, marbit_many_paths, serial_shops,
          nicolae_shop_crystal
D:4:      layout_rooms, serial_shops, shop, minmay_crystal_room, st_stairs_13,
          nicolae_elevator_lobby_plus, uniq_robin, uniq_eustachio
D:5:      layout_loops_ring
D:6:      layout_loops_ring, biasface_ghost_orc_armoury

Skill      XL: |  1  2  3  4  5  6  7  8 |
---------------+-------------------------+-----
Axes           | 3 4 5 6 |  6.4
Armour         | 4 5 6 |  6.0
Fighting       | 4 5 |  5.0
Shields        | 5 6 |  6.0
Dodging        | 1 2 |  2.2
Stealth        | |  0.2
Evocations     | |  0.5

Action                     |  1- 3 |  4- 6 |  7- 9 || total
---------------------------+-------+-------+-------++-------
  Melee: War axe           |    85 |   120 |   126 ||   331
Ability: Dig               |       |     1 |       ||     1
  Evoke: Wand              |       |       |     5 ||     5
    Use: Scroll            |     7 |       |     3 ||    10
         Potion            |       |     1 |     6 ||     7
 Armour: Scale mail        |    92 |    95 |    95 ||   282
  Dodge: Dodged            |    56 |    84 |   110 ||   250
  Block: Buckler           |    46 |    54 |    62 ||   162

Table legend: (Time is in decaauts)
 A = Elapsed time spent in this place.
 B = Non-inter-level travel time spent in this place.
 C = Inter-level travel time spent in this place.
 D = Time resting spent in this place.
 E = Time spent auto-exploring this place.
 F = Levels seen in this place.
 G = Mean time per level.
                   A        B        C        D        E       F      G
               +--------+--------+--------+--------+--------+-----+--------+
         Total |   5105 |   4975 |    130 |   1010 |   2959 |   6 |  850.8 |
       Dungeon |   5105 |   4975 |    130 |   1010 |   2959 |   6 |  850.8 |
               +--------+--------+--------+--------+--------+-----+--------+

Top non-repeatable levels by time:
     D:5: 1226 daAuts
     D:2: 1037 daAuts
     D:4: 1034 daAuts
     D:3: 1009 daAuts
     D:1: 746 daAuts
     D:6: 52 daAuts
